 Dungeon Crawl Stone Soup version 0.21-a0-404-g291f19a (webtiles) character file.

221 KristoblXynda the Ducker (level 5, -9/40 HPs)
             Began as a Spriggan Berserker on Oct 31, 2017.
             Was a Believer of Trog.
             Mangled by an ogre
             ... wielding a +0 giant club
              (22 damage)
             ... on level 4 of the Dungeon.
             The game lasted 00:03:53 (2973 turns).

KristoblXynda the Ducker (Spriggan Berserker)       Turns: 2973, Time: 00:03:55

Health: -9/40      AC:  7    Str: 18    XL:     5   Next: 65%
Magic:  6/6        EV: 21    Int:  8    God:    Trog [**....]
Gold:   80         SH:  0    Dex: 17    Spells: 4/4 levels left

rFire    . . .     SeeInvis +   a - +0 falchion
rCold    . . .     Gourm    .   (shield restricted)
rNeg     . . .     Faith    .   b - +0 animal skin
rPois    .         Spirit   .   (helmet restricted)
rElec    .         Reflect  .   (no cloak)
rCorr    .         Harm     .   (gloves unavailable)
MR       +....                  (boots unavailable)
Stlth    ..........             (no amulet)
HPRegen  0.13/turn              e - ring of protection from magic
MPRegen  0.10/turn              n - +5 ring of protection

@: berserking, very quick
A: unfitting armour, see invisible, herbivore 3, speed 3, slow metabolism 2
a: Berserk, Trog's Hand, Burn Spellbooks, Renounce Religion


You were on level 4 of the Dungeon.
You worshipped Trog.
Trog was pleased with you.
You were not hungry.

You visited 1 branch of the dungeon, and saw 4 of its levels.

You collected 80 gold pieces.

Inventory:

Hand Weapons
 a - a +0 falchion (weapon)
Armour
 b - a +0 animal skin (worn)
 j - a +0 buckler
Jewellery
 e - a ring of protection from magic (left hand)
 n - a +5 ring of protection (right hand)
Scrolls
 d - 2 scrolls of remove curse
 g - a scroll of amnesia {unknown}
 m - 2 scrolls of fog {unknown}
 o - 2 scrolls of blinking {unknown}
 p - a scroll of teleportation {unknown}
 r - a scroll of immolation {unknown}
Potions
 c - 3 potions of lignification {unknown}
 h - a potion of invisibility {unknown}
 i - 3 potions of curing {unknown}
 k - a potion of agility {unknown}
 l - a potion of degeneration {unknown}


   Skills:
 - Level 2.4 Fighting
 * Level 4.1 Long Blades
 + Level 6.0 Dodging
 + Level 4.0 Stealth


You had 4 spell levels left.
You didn't know any spells.

Dungeon Overview and Level Annotations

Branches:
Dungeon (4/15)
 Temple: D:4-7

Altars:
Elyvilon
Makhleb
Vehumet
Xom


Innate Abilities, Weirdness & Mutations

You are very small and have problems with some larger weapons.
You are too small for most types of armour.
You have supernaturally acute eyesight. (SInv)
You are a herbivore.
You cover ground extremely quickly.
You need consume almost no food.


Message History

The ogre closely misses you.
You hit the ogre.
The ogre is heavily wounded.
The ogre hits you with a giant club!!
Ouch! That really hurt!
There is an open door here.
A red film seems to cover your vision as you go berserk!
You feel yourself moving faster!
You feel mighty!
You feel quite a bit more hungry. The ogre barely misses you.
You riposte.
You hit the ogre.
The ogre is heavily wounded.
You barely miss the ogre.
The ogre is heavily wounded.
You slash the ogre!
The ogre is almost dead.
You hit the ogre.
The ogre is lightly wounded.
The ogre hits you with a giant club!!
Ouch! That really hurt!
You die...

##.....#########.... ....#
+.....<............. ....#
##.................# ....#
#....."...........##....#
........##.....##.......?.##
........##.[...##..........#
........#.......#.......O..#
.#......+......O#...######..
#.#######.....@O...# #.
#...>###...# #....# #...#
#...... ......
#......#....###
#......#....# #... #.....
#.....#


You could see 2 ogres.

Vanquished Creatures
  A hound (D:2)
  An orc priest (D:3)
  An orc wizard (D:3)
  A killer bee zombie (D:4)
  7 adders
  2 worms (D:2)
  A dart slug (D:2)
  2 leopard geckos (D:1)
  4 orcs (D:3)
  A ball python (D:3)
  A giant cockroach (D:2)
  3 goblins
  5 hobgoblins
  5 kobolds
  A quokka (D:2)
  3 bats
  7 frilled lizards
  2 rats (D:3)
48 creatures vanquished.

Notes
Turn   | Place    | Note
-------+----------+-------------------------------------------
     0 | D:1      | KristoblXynda the Spriggan Berserker began the quest for the Orb.
     0 | D:1      | Reached XP level 1. HP: 11/11 MP: 2/2
   158 | D:1      | Reached skill level 1 in Stealth
   425 | D:1      | Reached XP level 2. HP: 12/16 MP: 3/3
  1078 | D:2      | Found a burning altar of Makhleb.
  1088 | D:2      | Reached skill level 5 in Dodging
  1088 | D:2      | Reached XP level 3. HP: 13/19 MP: 4/4
  1494 | D:2      | Found a white marble altar of Elyvilon.
  1603 | D:3      | Reached XP level 4. HP: 23/23 MP: 5/5
  2035 | D:3      | Reached XP level 5. HP: 27/27 MP: 6/6
  2061 | D:3      | Reached ** piety under Trog
  2175 | D:3      | Found a shimmering altar of Xom.
  2465 | D:3      | Found a radiant altar of Vehumet.
  2902 | D:4      | Reached skill level 6 in Dodging
  2953 | D:4      | Noticed an ogre
  2961 | D:4      | Noticed an ogre
  2973 | D:4      | Mangled by an ogre

Vault maps used:
D:1:      onia_arrival_mini_spirals, minivault_5
D:2:      makhleb_blood_cavern_becter, elyvilon_altar_3
D:3:      nicolae_overflow_hidden_temple, marbit_many_paths
D:4:      gammafunk_temple_overflow_claw, first_bread

Skill      XL: |  1  2  3  4  5 |
---------------+----------------+-----
Stealth        | 1 2 3 4 |  4.0
Long Blades    | 3 4 |  4.1
Dodging        | 5 6 |  6.0
Fighting       | |  2.4

Action                   |  1- 3 |  4- 6 || total
-------------------------+-------+-------++-------
Melee: Falchion          |    66 |    87 ||   153
Invok: Berserk           |     2 |     2 ||     4
  Use: Scroll            |       |     3 ||     3
 Stab: Sleeping          |     4 |     5 ||     9
       Distracted        |     1 |     1 ||     2
  Eat: Bread ration      |       |     1 ||     1
Armor: Animal skin       |     5 |     5 ||    10
Dodge: Dodged            |    67 |    74 ||   141
       Rpst.: Falchion   |    21 |    20 ||    41

Table legend:
 A = Spawn XP
 B = Non-spawn XP
 C = Spawn XP percentage of total XP
 D = Spawn monster count
 E = Non-spawn monster count
 F = Spawn count percentage of total count
 G = Total turns spent on level
                    A         B        C        D         E        F      G
               +---------+---------+-------+---------+---------+-------+---------
         Total |       0 |     316 |   0.0 |       0 |      48 |   0.0 |  2973
               +---------+---------+-------+---------+---------+-------+---------
           D:1 |       0 |      17 |   0.0 |       0 |       9 |   0.0 |   916
           D:2 |       0 |      78 |   0.0 |       0 |      13 |   0.0 |   683
           D:3 |       0 |     192 |   0.0 |       0 |      25 |   0.0 |  1296
           D:4 |       0 |      29 |   0.0 |       0 |       1 |   0.0 |    78
               +---------+---------+-------+---------+---------+-------+---------
